[Event "*** Titled Tuesday Blitz"]
[Site "Chess.com"]
[Date "2020.05.26"]
[Round "8"]
[White "XDPS"]
[Black "RitvarsReimanis"]
[Result "0-1"]
[WhiteElo "2682"]
[BlackElo "2502"]
[TimeControl "180+1"]
[EndTime "11:42:10 PDT"]
[Termination "RitvarsReimanis won by resignation"]

1. e4 c5 2. Nf3 Nc6 3. Bb5 g6 4.
Bxc6 dxc6 5. d3 Bg7 6. Nc3 b6 7. O-O Nf6 8. h3 Nd7 9. Be3 e5 10. Qd2 h6 11. a3 a5 12. a4 Nf8 13. b3 Ne6 14. Ne2 Nd4 15. Nh2 Be6 16. Rae1 g5 17.
Ng3 Qd7 18. Bxd4 exd4 19. f4 gxf4 20. Qxf4 O-O-O 21. Nf5 Bf8 22. Ng4 Qc7 23. e5 h5 24.
Nf6 Be7 25. Ne4 Kb8 26. Rf2 Rdg8 27. Kh1 Bd8 28. Nfd6 Rg7 29. Ref1 Rhg8 30. Qh6 Bh4 31. Re2 Bd8 32. Ref2 Bh4 33. Rd2 Bd5 34. Qxh5 Bd8 35.
Rdf2 Qe7 36. Kh2 Bc7 37. Qf5 Bxe4 38. Qxe4 Bxd6 39. exd6 Qxd6+ 40. Kh1 Qe6 41. Qf4+ Kb7 42. Qf3 Rh8 43. Kh2 Qd6+ 44. Qf4 Qe6 45. Qf5 Qd6+ 46. Kg1 Rhg8 47. Re1 f6 48. Kf1 Qh2 49. Qxf6 Rxg2 50. Re7+ Ka6 51. Qf7 Qg1+ 52. Ke2 Rxf2+ 53. Qxf2 Rg2 54. Rf7 Rxf2+ 55. Rxf2 Qh1 56. Kd2 Qxh3 57. Re2 Qh6+ 58. Kd1 Qh5 59. Kd2 Qg5+ 60. Kd1 Qg4 61. Kd2 Qf4+ 62. Kd1 b5 63. axb5+ Kxb5 64. Re6 Qg4+ 65.
Re2 Kb4 66. Kd2 Qf4+ 67. Ke1 Kc3 68. Rg2 Qc1+ 0-1

[Event "*** Titled Tuesday Blitz"]
[Site "Chess.com"]
[Date "2020.05.26"]
[Round "8"]
[White "vanyakuba"]
[Black "Julianos82"]
[Result "1-0"]
[WhiteElo "2463"]
[BlackElo "2308"]
[TimeControl "180+1"]
[EndTime "11:42:10 PDT"]
[Termination "vanyakuba won by resignation"]

1. e4 c5 2. Nc3 a6 3. a4 e6 4. Nf3 b6 5. d4 cxd4 6. Nxd4 Bb7 7. Bd3 Qc7 8. O-O Nf6 9. Be3 h5 10. f3 Bc5 11. Qe1 Nc6 12. Nb3 Bxe3+ 13. Qxe3 Ne5 14. a5 b5 15. Rfd1 Rc8 16. Bxb5 h4 17.
Be2 Nh5 18. Qb6 Nf4 19. Qxc7 Rxc7 20. Kf2 Ke7 21. Bf1 d6 22. Ke3 g5 23. Nd4 Nc4+ 24. Bxc4 Rxc4 25. Ra4 Rhc8 26. Rxc4 Rxc4 27. Rd2 Rb4 28.
Nb3 d5 29. g3 hxg3 30. hxg3 Ng6 31. exd5 Ne5 32. d6+ Kd8 33. Rd4 Nc4+ 34. Kf2 e5 35. Rg4 f5 36. Rxg5 Nxb2 37. Rxf5 Bd5 38. Rxe5 Bxb3 39. cxb3 Rxb3 40. Ne4 Nd3+ 41. Ke3 Nxe5+ 42. Kf4 Nd3+ 43. Kf5 Nb4 44. f4 Rd3 45. g4 Rd5+ 46. Ke6 Rxa5 47. f5 Nd5 48. g5 Ra4 49. Ng3 Ne3 50.
f6 Ng4 51. f7 Rf4 52. Nh5 Ne3 53. Nf6 Nd5 54. Nxd5 Rxf7 55. Kxf7 Kd7 56. Nf6+ Kxd6 57.
g6 a5 58. g7 a4 59. g8=Q Ke5 60. Qg1 a3 61. Qa1+ Kd6 62. Ne8+ Kc5 63. Qxa3+ Kc4 64.
Qc1+ Kb5 65. Ke6 Ka4 66. Qb1 Ka3 67. Kd5 Ka4 68. Kc4 1-0

[Event "*** Titled Tuesday Blitz"]
[Site "Chess.com"]
[Date "2020.05.26"]
[Round "8"]
[White "robertofabregas"]
[Black "DACF2905"]
[Result "1-0"]
[WhiteElo "2124"]
[BlackElo "2255"]
[TimeControl "180+1"]
[EndTime "11:42:11 PDT"]
[Termination "robertofabregas won on time"]

1. c4 e5 2. Nc3 Nf6 3. Nf3 Nc6 4.
g3 Bb4 5. Qb3 Qe7 6. a3 Bc5 7. Bg2 h6 8. O-O e4 9. Ne1 Nd4 10. Qd1 c6 11. e3 Nf5 12. b4 Bb6 13. c5 Bc7 14. Qc2 d5 15. cxd6 Nxd6 16. Bb2 Bf5 17. d4 O-O 18. Qe2 Qe6 19. Nc2 Bg4 20. f3 exf3 21. Bxf3 Bxf3 22. Qxf3 Rae8 23.
Rae1 Nde4 24. Nxe4 Qxe4 25. Qxe4 Nxe4 26. Bc1 f5 27. Re2 g6 28. Ne1 h5 29. Nf3 Rf7 30. Nd2 Rfe7 31. Nxe4 Rxe4 32. Rfe1 Kf7 33. Kf2 a5 34.
Rc2 axb4 35. axb4 Bb6 36. Bd2 Ra8 37. Rec1 Rd8 38. b5 cxb5 39. Rb2 Rd5 40. Rcb1 Bd8 41. h4 Bf6 42. Rxb5 Rxb5 43. Rxb5 Re7 44. Rb6 Rd7 45. Rb3 Bd8 46. Rd3 Ke6 47. Kf3 Kd5 48. Bb4 Rc7 49. Bc5 Rc6 50. Rb3 b6 51. Bb4 Kc4 52. Rb1 b5 53. Bf8 Ba5 54. Rc1+ Bc3 55. Bg7 b4 56. d5 Kxd5 57. Bxc3 1-0

[Event "*** Titled Tuesday Blitz"]
[Site "Chess.com"]
[Date "2020.05.26"]
[Round "8"]
[White "ChristianAlm"]
[Black "Vandros57"]
[Result "1-0"]
[WhiteElo "2396"]
[BlackElo "2224"]
[TimeControl "180+1"]
[EndTime "11:42:13 PDT"]
[Termination "ChristianAlm won by checkmate"]

1. e4 c5 2. Nf3 e6 3. d4 cxd4 4. c3 Nc6 5. cxd4 d5 6. e5 Bb4+ 7.
Nc3 Nge7 8. Bd3 h6 9. O-O O-O 10.
a3 Ba5 11. Bf4 Bb6 12. Bc2 Nf5 13. Ne2 g5 14. Bg3 Kg7 15. Qd3 Bd7 16. Rad1 Rc8 17.
b4 a6 18. h3 Nce7 19. Bh2 Bb5 20. Qd2 Ng6 21. Rfe1 Rc7 22. Nc3 Qd7 23. Bxf5 exf5 24.
e6 fxe6 25. Bxc7 Bxc7 26. Nxb5 Qxb5 27. Rxe6 Qd7 28. Rde1 Rf7 29. g3 Bb8 30. Nxg5 Rf6 31. Rxf6 Kxf6 32. Nf3 f4 33. Ne5 Bxe5 34. dxe5+ Ke6 35.
Qd3 Qf7 36. Qf3 Qf5 37. Qg4 Qxg4 38. hxg4 fxg3 39. f3 d4 40. Kg2 Nf4+ 41. Kxg3 Nd5 42. f4 Nc3 43. f5+ Ke7 44. Kf4 d3 45. Ke3 Nb5 46.
Kxd3 Nxa3 47. Rc1 b5 48. Ke4 Nc4 49. Rxc4 bxc4 50. Kd4 c3 51. Kxc3 Kd7 52. Kc4 Kc6 53.
e6 Kd6 54. Kd4 Ke7 55. Ke5 h5 56. f6+ Ke8 57. gxh5 a5 58. bxa5 Kd8 59. Kd5 Kc8 60. Kc6 Kb8 61. h6 Ka7 62. Kb5 Kb7 63. h7 Kc7 64.
Kc5 Kb7 65. h8=Q Ka7 66. Kb5 Kb7 67. Qg7+ Ka8 68. Kc6 Kb8 69. Qb7# 1-0

[Event "*** Titled Tuesday Blitz"]
[Site "Chess.com"]
[Date "2020.05.26"]
[Round "8"]
[White "Rodalquilar"]
[Black "KuzubovYuriy"]
[Result "0-1"]
[WhiteElo "2627"]
[BlackElo "2771"]
[TimeControl "180+1"]
[EndTime "11:42:14 PDT"]
[Termination "KuzubovYuriy won on time"]

1. d4 Nf6 2. c4 e6 3. Nc3 Bb4 4. Qc2 d6 5. Bd2 Nc6 6. e3 e5 7.
Nf3 Bg4 8. d5 Bxc3 9. Bxc3 Ne7 10. Nd2 Bd7 11. f3 O-O 12. Bd3 Kh8 13. O-O Ng6 14. Rad1 Qe7 15. Kh1 Rae8 16. b4 Ng8 17. f4 f5 18. fxe5 Nxe5 19. Bxf5 Bxf5 20. Rxf5 Ng4 21. Nf1 Rxf5 22. Qxf5 N8h6 23. Qc2 Rf8 24. Kg1 Qh4 25. h3 Nf2 26. Rc1 Ne4 27. Bd4 Rf2 28. Qd1 Nf5 29. Rc2 Nxd4 30. exd4 Qf4 31. Rxf2 Qxf2+ 32. Kh1 g6 33. Qf3 Qxf3 34. gxf3 Nc3 35. a3 Ne2 36.
Ne3 Nxd4 37. Kg2 Kg7 38. Kg3 Kf6 39. Kf4 Ne2+ 40. Ke4 g5 41. Ng4+ Kg6 42. Nf2 h5 43.
c5 Nc3+ 44. Kd4 Nb5+ 45. Kc4 Nxa3+ 46. Kb3 Nb5 47. Kc4 a6 48. Ne4 Kf5 49. Ng3+ Kg6 50. Ne4 h4 51. Nf2 Kf5 52. Nd3 Na7 53. Kd4 b5 54. c6 Nc8 55. Ke3 Ne7 56. Kd4 Ng6 57.
Nf2 Nf4 58. Ne4 Ne2+ 59. Ke3 Nf4 60. Kd4 Ng6 61. Nxd6+ cxd6 62. c7 Ne7 63. Ke3 Nxd5+ 64. Kd3 Nxc7 0-1

[Event "*** Titled Tuesday Blitz"]
[Site "Chess.com"]
[Date "2020.05.26"]
[Round "8"]
[White "GMKrikor"]
[Black "alekschess100"]
[Result "1-0"]
[WhiteElo "2684"]
[BlackElo "2228"]
[TimeControl "180+1"]
[EndTime "11:42:16 PDT"]
[Termination "GMKrikor won by checkmate"]

1. Nf3 d5 2. c4 c6 3. e3 Nf6 4. Nc3 g6 5. d4 Bg7 6. h3 O-O 7. Bd3 a6 8. O-O b5 9. b3 Be6 10. Qe2 h6 11. Bd2 Nbd7 12. Rfc1 Nb6 13. Ne5 Rc8 14.
c5 Nbd7 15. f4 Nxe5 16. fxe5 Nd7 17. b4 f5 18. a4 g5 19. axb5 axb5 20. Rf1 Ra8 21. Qd1 Qc7 22. Rxa8 Rxa8 23. Bxf5 Bxf5 24. Rxf5 e6 25. Rf1 Rf8 26. Qg4 Rxf1+ 27. Kxf1 Nf8 28.
h4 Qf7+ 29. Ke2 Qf5 30. Qxf5 exf5 31. hxg5 hxg5 32. g4 fxg4 33. e4 dxe4 34. Bxg5 Ne6 35. Be3 Nc7 36. Nxe4 Nd5 37. Bd2 Kf7 38. Nf2 g3 39.
Ne4 g2 40. Kf2 Kg6 41. Kxg2 Bh6 42. Bxh6 Kxh6 43. Kf3 Nxb4 44. Nf6 Kg6 45. Ke4 Kf7 46. d5 cxd5+ 47. Nxd5 Nc6 48. Nf4 Ke7 49. Kd5 Nd8 50. Nd3 Ne6 51. c6 Nc7+ 52. Kc5 Kd8 53. Nb4 Kc8 54. Kd6 Kd8 55. e6 Ne8+ 56. Kc5 Nc7 57.
Nd5 Nxe6+ 58. Kd6 Nc7 59. Nxc7 b4 60. Nd5 b3 61. Nc3 b2 62. Nb1 Kc8 63. c7 Kb7 64. Kd7 Kb6 65. c8=Q Kb5 66. Qc3 Kb6 67. Qc4 Ka5 68.
Qb3 Ka6 69. Kc6 Ka7 70. Qb7# 1-0

[Event "*** Titled Tuesday Blitz"]
[Site "Chess.com"]
[Date "2020.05.26"]
[Round "8"]
[White "GHANDEEVAM2003"]
[Black "Maybe00"]
[Result "1/2-1/2"]
[WhiteElo "2928"]
[BlackElo "2815"]
[TimeControl "180+1"]
[EndTime "11:42:18 PDT"]
[Termination "Game drawn - insufficient material"]

1. Nf3 d5 2. c4 c6 3. e3 Nf6 4.
Nc3 e6 5. b3 Bd6 6. Bb2 O-O 7.
d4 Nbd7 8. Bd3 Re8 9. Qc2 e5 10.
cxd5 cxd5 11. dxe5 Nxe5 12. Nxe5 Bxe5 13. O-O-O Bg4 14. f3 Rc8 15. Kb1 Qa5 16. Rc1 Bh5 17. g4 Bg6 18. f4 Bxd3 19. Qxd3 Bxc3 20. Bxc3 Qb6 21. Bxf6 Qxf6 22. Qxd5 Qg6+ 23. Qf5 Rxc1+ 24. Rxc1 Qxf5+ 25. gxf5 g6 26. fxg6 hxg6 27. Rc3 Kg7 28. a4 b6 29. Kc1 Kf6 30. Kd2 Kf5 31. Rc7 f6 32. Rxa7 Rh8 33. Kd3 Rd8+ 34. Ke2 Rh8 35. Rb7 Ke4 36. Re7+ Kf5 37. Kd3 Rxh2 38. Rb7 Rh8 39.
Rxb6 Rd8+ 40. Ke2 g5 41. fxg5 fxg5 42. a5 g4 43. a6 g3 44. a7 g2 45. Kf2 Rd2+ 46.
Kg1 Ra2 47. Rb7 Ke4 48. Re7+ Kf3 49. Rf7+ Kg3 50. Rg7+ Kf3 51. Kh2 Ra1 52. Rxg2 Rxa7 53.
Rg3+ Ke4 54. Kg2 Ra2+ 55. Kh3 Rb2 56. b4 Rb3 57. Kh4 Rb1 58. Kg5 Ke5 59. Kg6 Rxb4 60. Rg5+ Ke6 61. Ra5 Rb3 62. Ra6+ Ke5 63. Kf7 Ke4 64.
Re6+ Kf3 65. Kf6 Rxe3 66. Rxe3+ Kxe3 1/2-1/2

[Event "*** Titled Tuesday Blitz"]
[Site "Chess.com"]
[Date "2020.05.26"]
[Round "8"]
[White "LiamVrolijk"]
[Black "SketchyMoves"]
[Result "1-0"]
[WhiteElo "2789"]
[BlackElo "2638"]
[TimeControl "180+1"]
[EndTime "11:42:25 PDT"]
[Termination "LiamVrolijk won by checkmate"]

1. d4 e6 2. Nf3 Nf6 3. c4 Bb4+ 4. Bd2 Qe7 5. g3 Nc6 6. e3 Bxd2+ 7. Nfxd2 e5 8. d5 Nb8 9. Bg2 c5 10. Nc3 d6 11.
O-O O-O 12. Qc2 g6 13. Rae1 Na6 14. f4 Kg7 15. Nf3 Nd7 16. Nb5 f5 17. e4 fxe4 18. Qxe4 Nf6 19. Qe3 e4 20. Ng5 Bf5 21. Nxe4 Bxe4 22.
Bxe4 Nc7 23. Nc3 Rae8 24. Qd2 Qd7 25. Bf3 b5 26. b3 b4 27. Nd1 Rxe1 28. Rxe1 Re8 29.
Nf2 Re7 30. Kg2 Qe8 31. Rxe7+ Qxe7 32. Qe2 Qxe2 33. Bxe2 a5 34. Bd3 h6 35. Kf3 Na8 36.
h4 h5 37. f5 gxf5 38. Bxf5 Nb6 39. Nd3 a4 40. Nf4 a3 41. Bg6 Kh6 42. Bd3 Nbd7 43. Be2 Ne5+ 44. Ke3 Kg7 45. Ne6+ Kg6 46. Kf4 Kh6 47.
Kf5 Nfg4 48. Ke4 Nf2+ 49. Ke3 Nfg4+ 50. Kf4 Nf2 51. Ke3 Nfg4+ 52. Kd2 Nf6 53. Ng5 Kg6 54. Ke3 Kf5 55. Bd1 Nfg4+ 56. Ke2 Nf6 57. Kf2 Ne4+ 58. Kg2 Nxg3 59. Kxg3 Nd3 60. Bc2 Ke5 61. Bxd3 Kd4 62. Bg6 Kc3 63. Bxh5 Kb2 64. Bd1 Kxa2 65. h5 Kb2 66. h6 a2 67. h7 a1=Q 68. h8=Q+ Ka2 69. Qxa1+ Kxa1 70. Nf7 Kb2 71. Nxd6 Kc1 72. Ne4 Kxd1 73. d6 Kc2 74. d7 Kxb3 75. d8=Q Kc2 76. Qd2+ Kb3 77. Nxc5+ Ka3 78. Nd3 b3 79. Qa5# 1-0

[Event "*** Titled Tuesday Blitz"]
[Site "Chess.com"]
[Date "2020.05.26"]
[Round "8"]
[White "Gareth-Bale11"]
[Black "Zakaryan_David"]
[Result "1/2-1/2"]
[WhiteElo "2761"]
[BlackElo "2536"]
[TimeControl "180+1"]
[EndTime "11:42:27 PDT"]
[Termination "Game drawn - insufficient material"]

1. d4 Nf6 2. c4 g6 3. Nc3 d5 4. cxd5 Nxd5 5. e4 Nxc3 6. bxc3 Bg7 7. Be3 c5 8. Rc1 Qa5 9. Qd2 O-O 10. Nf3 Nd7 11.
d5 Nf6 12. c4 Qxd2+ 13. Nxd2 b6 14. f3 e6 15. Kf2 Ne8 16. Bd3 f5 17. g3 fxe4 18. Nxe4 exd5 19. cxd5 Bd7 20. Bc4 Nf6 21. Nxf6+ Bxf6 22. Rhe1 Rfe8 23. Bb3 Kf7 24. Kg2 Kg7 25.
Bf4 Rxe1 26. Rxe1 Re8 27. Rxe8 Bxe8 28. Bb8 a6 29. d6 Bd7 30. Ba7 Bd8 31. Bd5 Kf6 32.
f4 Be6 33. Bb7 Bxa2 34. Bb8 Ke6 35. Bc8+ Kd5 36. Bb7+ Ke6 37. Bc8+ Kf7 38. Bxa6 Bd5+ 39. Kf2 Bc6 40. Bc4+ Ke8 41. Ke3 b5 42. Bg8 h6 43.
g4 b4 44. f5 gxf5 45. gxf5 Bf6 46. Be6 Bd7 47. Kd3 Bb5+ 48. Ke4 c4 49. d7+ Kd8 50.
Ba7 Bc6+ 51. Ke3 Bxd7 52. Bxc4 Bxf5 53. Bc5 Be7 54. Bd4 Kd7 55. Bb3 Be6 56. Ba4+ Kd6 57. Kd3 Bd5 58. Be3 Ke6 59. Bxh6 Bf6 60. Bc1 b3 61. Bb5 b2 62. Bxb2 Bxb2 63. Bc4 Bxc4+ 64. Kxc4 Kf5 65. h4 Kg4 66. h5 Bh8 67. Kb3 Kg5 68. Kc4 Kh6 69. Kd5 Kxh5 1/2-1/2

[Event "*** Titled Tuesday Blitz"]
[Site "Chess.com"]
[Date "2020.05.26"]
[Round "8"]
[White "aNaartjieZA"]
[Black "djano"]
[Result "1-0"]
[WhiteElo "2583"]
[BlackElo "2449"]
[TimeControl "180+1"]
[EndTime "11:42:28 PDT"]
[Termination "aNaartjieZA won on time"]

1. e4 c5 2. Nf3 e6 3. d3 d5 4. Nbd2 Nc6 5. g3 Nf6 6. Bg2 Be7 7. O-O dxe4 8. dxe4 O-O 9. e5 Nd7 10. Re1 Qc7 11. Qe2 b6 12. c3 Bb7 13. Nf1 Rae8 14. Bf4 Qc8 15. h4 f5 16. exf6 Bxf6 17. Rad1 e5 18.
Bg5 h6 19. Bxf6 Nxf6 20. Qc4+ Kh8 21. Ne3 e4 22. Nd2 Ne5 23. Qb3 Nd3 24. Rf1 b5 25. c4 b4 26. Nxe4 Bxe4 27. Bxe4 Nxf2 28. Bf5 Rxe3 29.
Qxe3 Nxd1 30. Qf3 Qe8 31. Rxd1 Qe5 32. Bb1 Qxb2 33. Rf1 Qc3 34. Qxc3 bxc3 35. Rf3 Rb8 36. Bc2 Rd8 37. Rxc3 Rd2 38. Bg6 Kg8 39. Ra3 Rd7 40. Ra5 Rc7 41. Rb5 Kf8 42. Kf2 Ke7 43. Ke3 Ng4+ 44. Kf4 Nf6 45. g4 Kd6 46. g5 hxg5+ 47. hxg5 Nd7 48. Ra5 Nb6 49. Bd3 Rf7+ 50. Ke3 Re7+ 51.
Kd2 Re5 52. g6 Re7 53. Kc3 Rc7 54. Ra3 Ke5 55. Rb3 Kf4 56. Rb1 Re7 57. Rf1+ Kg5 58. Rf8 Re3 59. Rf7 Na4+ 60. Kd2 Rg3 61. Rxg7 Nb2 62.
Be2 Kf6 63. Rxa7 Kxg6 64. Rb7 Na4 65. Rb5 Kf6 66. Ra5 Nc3 67. Bd3 Nxa2 68. Rxa2 Rg2+ 69. Be2 Ke5 70. Ke3 Rh2 71. Ra5 Kd6 72. Ra6+ Ke5 73. Rc6 Rh3+ 74. Bf3 1-0

[Event "*** Titled Tuesday Blitz"]
[Site "Chess.com"]
[Date "2020.05.26"]
[Round "8"]
[White "PavelChernomordik"]
[Black "woodhy"]
[Result "1-0"]
[WhiteElo "2254"]
[BlackElo "2413"]
[TimeControl "180+1"]
[EndTime "11:42:29 PDT"]
[Termination "PavelChernomordik won by resignation"]

1. e4 e6 2. Qe2 d5 3. exd5 Qxd5 4.
Nc3 Qa5 5. Nf3 Nf6 6. g3 Be7 7.
Bg2 O-O 8. Ne5 c5 9. Nc4 Qc7 10. d3 Nc6 11. Bf4 Qd8 12. O-O-O Nd5 13. Bd2 Nd4 14.
Qh5 Nb4 15. Ne3 Bg5 16. f4 Be7 17. a3 g6 18. Qh6 Qa5 19. Ne4 Qa4 20. Nc3 Qa5 21. Kb1 Nbc6 22. Ne4 Qa4 23. Ng5 Bxg5 24. Qxg5 Qb5 25. Ng4 h5 26. Nf6+ Kg7 27. Nxh5+ Kg8 28. Nf6+ Kg7 29. Bc3 Rb8 30. Ne4 f6 31. Qxc5 Qxc5 32.
Nxc5 b6 33. Ne4 e5 34. Rhf1 Bg4 35. Rde1 Nb5 36. Bd2 exf4 37. Bxf4 Rbe8 38. Nd6 Rxe1+ 39. Rxe1 Nxd6 40. Bxc6 Rd8 41. Re7+ Kf8 42. Rxa7 g5 43. Be3 Rc8 44. Bd5 Rb8 45. Rh7 Rc8 46. Bxb6 Bf5 47.
Rh8+ Ke7 48. Rxc8 Nxc8 49. Bc5+ Kd7 50. h4 gxh4 51. gxh4 Be6 52. Bxe6+ Kxe6 53. h5 Kf5 54. a4 Kg5 55. a5 Kxh5 56. a6 f5 57. a7 Nxa7 58.
Bxa7 f4 59. b4 Kg4 60. b5 Kf5 61. Bc5 Ke5 62. c4 Ke6 63. d4 f3 64. d5+ Kd7 65. b6 Kc8 66. Bd4 Kb7 67. c5 Ka6 68. c6 f2 69.
Bxf2 Kb5 70. b7 Kc4 71. b8=Q Kd3 1-0

[Event "*** Titled Tuesday Blitz"]
[Site "Chess.com"]
[Date "2020.05.26"]
[Round "8"]
[White "Quaternitychess"]
[Black "Onischuk_V"]
[Result "1/2-1/2"]
[WhiteElo "2810"]
[BlackElo "2899"]
[TimeControl "180+1"]
[EndTime "11:42:30 PDT"]
[Termination "Game drawn by repetition"]

1. e4 d6 2. Nc3 Nf6 3. f4 g6 4.
Nf3 Bg7 5. d4 O-O 6. e5 dxe5 7.
fxe5 Nd5 8. h4 c5 9. h5 cxd4 10.
Qxd4 Nxc3 11. bxc3 Qxd4 12. cxd4 Nc6 13. c3 Be6 14. Bd3 Rac8 15. Bd2 Rfd8 16. Be4 Bd5 17. Bxd5 Rxd5 18. hxg6 hxg6 19. Rb1 b6 20. Ke2 Na5 21. Rh4 Nc4 22. Bh6 f6 23. e6 g5 24. Rh5 Rd6 25. Bxg7 Rxe6+ 26. Kf2 Kxg7 27. Rbh1 Re4 28. d5 Nd6 29.
Nd4 Rh4 30. R1xh4 gxh4 31. Rxh4 Rxc3 32. Ne6+ Kg6 33. g4 Ne4+ 34. Ke2 Ng5 35. Nd4 Ra3 36. Nf5 Rxa2+ 37. Kd3 Kf7 38. Rh8 Ra5 39. Kc4 Ra4+ 40. Kb5 Ra5+ 41. Kc4 Rc5+ 42. Kd4 e6 43. dxe6+ Nxe6+ 44. Ke3 Re5+ 45. Kf3 a5 46. Rh7+ Kg8 47. Rb7 b5 48. Ne7+ Kf7 49. Nc6+ Kg6 50. Nxe5+ fxe5 51. Ke3 b4 52. Rb5 Kf6 53. Rxa5 b3 54. Rb5 Nd4 55.
Rb6+ Kg5 56. Ke4 Kxg4 57. Kxe5 Nf3+ 58. Ke4 Nd2+ 59. Kd3 Nf3 60. Rxb3 Ng5 61. Rb4+ Kf5 62. Rb5+ Kf4 63. Kd4 Nf3+ 64. Kc3 Ng5 65. Rb4+ Kf5 66. Kd3 Ne6 67. Rb5+ Kf4 68. Kc4 Ng5 69. Rb8 Nf3 70. Kd5 Ke3 71. Rf8 Nd2 72. Rh8 Nf3 73. Rh3 Kf4 74.
Rh1 Ke3 75. Rh8 Kf4 76. Rh1 Ke3 77. Rh8 Kf4 78. Rh1 1/2-1/2

[Event "*** Titled Tuesday Blitz"]
[Site "Chess.com"]
[Date "2020.05.26"]
[Round "8"]
[White "chessplayer9919"]
[Black "Vesper2018"]
[Result "1/2-1/2"]
[WhiteElo "2482"]
[BlackElo "2319"]
[TimeControl "180+1"]
[EndTime "11:42:30 PDT"]
[Termination "Game drawn by repetition"]

1. d4 Nf6 2. c4 g6 3. Nc3 Bg7 4. e4 d6 5. f4 O-O 6. Nf3 c5 7. d5 e6 8. Be2 exd5 9. cxd5 Bg4 10. O-O Bxf3 11. Bxf3 Nbd7 12. Re1 Re8 13. a4 c4 14. Be3 Rc8 15. Bd4 Nc5 16. e5 Nd3 17. Re2 Nd7 18. Bg4 Nxf4 19. e6 Nxe2+ 20. Nxe2 fxe6 21. Bxe6+ Kh8 22. Bxg7+ Kxg7 23. Qd4+ Ne5 24. Bxc8 Qxc8 25. Rf1 Qc5 26. Qxc5 dxc5 27. Nf4 b6 28. Ne6+ Kg8 29. Rf4 Nd7 30. Rxc4 Nf6 31. Nc7 Re1+ 32. Kf2 Rd1 33. Ke2 Rb1 34. Rc2 Kf7 35. Nb5 Nxd5 36.
Nxa7 Ra1 37. Rd2 Ke6 38. Nc8 Rxa4 39. Rxd5 Re4+ 40. Kd3 Kxd5 41. Nxb6+ Ke5 42. Nc4+ Kd5 43. Nb6+ Ke5 44. Nc4+ Rxc4 45. Kxc4 Kd6 46. g3 Kc6 47. b3 Kd6 48. Kc3 Kd5 49. Kd3 g5 50. g4 h6 51.
h3 Ke5 52. Ke3 Kd5 53. Kd3 Ke5 54. Kc4 Kd6 55. Kc3 Kc6 56. Kd3 Kb6 57. Kc4 Kc6 58. Kd3 Kd6 59. Kc4 Kc6 60. Kc3 Kb5 61. Kd3 Kb4 62. Kc2 c4 63. bxc4 Kxc4 64. Kd2 Kd4 65. Ke2 Ke4 66. Kf2 Kf4 67. Kg2 Ke3 68.
Kg3 Ke2 69. Kg2 Ke1 70. Kg1 Ke2 71. Kg2 Ke3 72. Kg3 Ke4 73. Kg2 Ke3 1/2-1/2

[Event "*** Titled Tuesday Blitz"]
[Site "Chess.com"]
[Date "2020.05.26"]
[Round "8"]
[White "PauloFanha"]
[Black "WinstonSilvakov"]
[Result "0-1"]
[WhiteElo "1972"]
[BlackElo "2096"]
[TimeControl "180+1"]
[EndTime "11:42:33 PDT"]
[Termination "WinstonSilvakov won on time"]

1. e4 Nf6 2. e5 Nd5 3. d4 d6 4.
c4 Nb6 5. exd6 cxd6 6. Nf3 g6 7.
Nc3 Bg7 8. Be3 O-O 9. Rc1 e5 10. dxe5 dxe5 11. Qxd8 Rxd8 12. Be2 Nc6 13. O-O Bg4 14.
Rfd1 Bxf3 15. Bxf3 Nxc4 16. Bg5 Rxd1+ 17. Rxd1 Nd4 18.
Bxb7 Rb8 19. Bd5 Nxb2 20. Rb1 Rb6 21. Bd8 Rd6 22. Be7 Rd7 23. Ba3 Nc2 24. Bxb2 e4 25. Bxe4 Nd4 26. Ba3 h5 27. g3 Rc7 28. Nd5 Rc4 29.
Rb8+ Kh7 30. Bf8 Be5 31. Rb7 Kg8 32. Be7 Rc1+ 33. Kg2 Ne2 34. Nf6+ Kg7 35. Nd7 Bd4 36.
Bf8+ Kg8 37. Bh6 Rc2 38. Bg5 Rxa2 39. Bf6 Bxf6 40. Nxf6+ Kg7 41. Ne8+ Kf8 42. Nd6 Nc3 43. Rxf7+ Kg8 44. Bxg6 Rd2 45. Nf5 Nd5 46. Ne7+ Nxe7 47. Rxe7 Rd6 48. Bxh5 a5 49. Bf3 a4 50. Ra7 Rd4 51. Bc6 Kf8 52. Bxa4 Kg8 53. Bc6 Kh8 54. Bf3 Kg8 55. Rb7 Kf8 56. Rc7 Ra4 57. h4 Rc4 58. h5 Rxc7 59. h6 Kg8 60. g4 Rc6 61. g5 Rg6 62. Bd5+ Kh8 63. Kh3 Rd6 64. Kh4 Rxd5 65. Kh5 Rd4 0-1

[Event "*** Titled Tuesday Blitz"]
[Site "Chess.com"]
[Date "2020.05.26"]
[Round "8"]
[White "Savva09022009"]
[Black "allvim"]
[Result "1/2-1/2"]
[WhiteElo "2401"]
[BlackElo "2270"]
[TimeControl "180+1"]
[EndTime "11:42:34 PDT"]
[Termination "Game drawn - insufficient material"]

1. d4 Nf6 2. Nc3 d5 3. Bf4 c6 4. e3 e6 5. Nf3 Bd6 6. Bd3 Qe7 7. O-O O-O 8. Bxd6 Qxd6 9. e4 dxe4 10. Nxe4 Nxe4 11. Bxe4 Nd7 12. Qe2 Nf6 13. Bd3 c5 14. c3 cxd4 15. Nxd4 b6 16. Qf3 Rb8 17. Rad1 Bb7 18. Qh3 Qe5 19. f4 Qh5 20.
Qxh5 Nxh5 21. f5 exf5 22. Bxf5 Rfe8 23. Nb5 Re2 24. Rf2 Rxf2 25. Kxf2 a6 26. Nd6 Bc6 27. Nc8 Be8 28. Rd8 Kf8 29. Ke3 Nf6 30. Kd4 g6 31. Bh3 Kg7 32. Ke5 Bc6 33. Rd6 Bd5 34. Rxf6 Bxa2 35.
Rxb6 Ra8 36. Rb7 a5 37. Kd6 a4 38. Kc7 Ra5 39. Kb6 Re5 40. Nd6 Re2 41. Ka5 Bb3 42.
c4 Rxb2 43. Rxf7+ Kh6 44. c5 a3 45. Rf1 a2 46. Ra1 Rb1 47. Rxa2 Bxa2 48. c6 Rc1 49.
Kb6 Bd5 50. c7 Rc6+ 51. Kb5 Rxc7 52. Kb6 Bg8 53. Kxc7 Bb3 54. Kd7 Kh5 55. Ne4 Bc2 56. Ng3+ Kh6 57. Kd6 Kg7 58. Ke5 h5 59. Ne4 Kh6 60.
g3 Ba4 61. Kf6 Bc2 62. Ng5 Bd3 63. Be6 Bc2 64. Bg8 h4 65. Nf7+ Kh5 66. Ng5 hxg3 67. hxg3 Kg4 68. Be6+ Kxg3 69. Nf7 Bf5 70. Ne5 Bxe6 71.
Kxe6 g5 72. Kf5 g4 73. Nxg4 1/2-1/2

[Event "*** Titled Tuesday Blitz"]
[Site "Chess.com"]
[Date "2020.05.26"]
[Round "8"]
[White "AwareIdea"]
[Black "nubair1198"]
[Result "0-1"]
[WhiteElo "2513"]
[BlackElo "2709"]
[TimeControl "180+1"]
[EndTime "11:42:37 PDT"]
[Termination "nubair1198 won by resignation"]

1. d4 d5 2. c4 c6 3. Nf3 Nf6 4.
e3 Bg4 5. Nc3 e6 6. Qb3 Qb6 7.
Ne5 Bf5 8. c5 Qc7 9. Bd2 Nbd7 10. Nxd7 Nxd7 11. Be2 e5 12. O-O Be7 13. Rfd1 O-O 14.
Be1 Bg6 15. Bd3 Bxd3 16. Rxd3 e4 17. Rdd1 f5 18. f3 Kh8 19. Bg3 Qc8 20. Qc2 Qe8 21.
b4 Qh5 22. f4 b5 23. a4 a6 24. Ra2 g5 25. axb5 axb5 26. Rda1 Rxa2 27. Rxa2 gxf4 28.
Bxf4 Bg5 29. Qf2 Bh4 30. Qe2 Qg6 31. Ra7 Rf7 32. Rc7 h6 33. g3 Bg5 34. Qf2 Kh7 35.
Kh1 Bd8 36. Rc8 Rf8 37. Qg1 Nf6 38. Rxc6 Qh5 39. Qg2 Rf7 40. Ra6 Rb7 41. Qe2 Qe8 42. Be5 Ng4 43. Bf4 Nf6 44. h3 Bc7 45. Kh2 Bxf4 46. gxf4 Qg6 47. Qg2 Qf7 48. Qe2 Qg6 49. Qg2 Qf7 50. c6 Ra7 51. Rxa7 Qxa7 52. Nxb5 Qb6 53. c7 Qc6 54. Qe2 Ne8 55. Kg2 Nxc7 56.
Nxc7 Qxc7 57. b5 Qc3 58. Qf1 Qxe3 59. Qb1 Qf3+ 60. Kg1 Qg3+ 61. Kh1 Qxh3+ 62. Kg1 Qg3+ 63. Kh1 Qf3+ 64. Kg1 e3 65. b6 Qf2+ 66. Kh1 Qf3+ 67. Kh2 Qxf4+ 68. Kh3 e2 69. b7 Qf1+ 70. Qxf1 exf1=Q+ 71. Kg3 Qb5 72. Kf4 0-1

[Event "*** Titled Tuesday Blitz"]
[Site "Chess.com"]
[Date "2020.05.26"]
[Round "8"]
[White "Charlottemillard17"]
[Black "DucksParadise"]
[Result "0-1"]
[WhiteElo "1450"]
[BlackElo "2050"]
[TimeControl "180+1"]
[EndTime "11:42:37 PDT"]
[Termination "DucksParadise won by checkmate"]

1. e4 c5 2. Nf3 d6 3. d4 cxd4 4. Nxd4 Nf6 5. Nc3 a6 6. f4 e5 7. Nb3 Nbd7 8. f5 b5 9. g4 Bb7 10. Bg2 b4 11. g5 bxc3 12. gxf6 Qxf6 13. bxc3 Bxe4 14. Bxe4 Qh4+ 15. Kf1 Qxe4 16. Rg1 Qxf5+ 17. Kg2 Qe4+ 18. Kf1 Nf6 19. Ba3 Qf4+ 20. Ke1 Ne4 21. Qd3 Qf2+ 22. Kd1 Qxg1+ 23. Ke2 Qxh2+ 24. Ke3 Qf4+ 25.
Ke2 Ng3+ 26. Kd1 Qf1+ 27. Qxf1 Nxf1 28. Ke1 Ne3 29. Kd2 Nc4+ 30. Kd3 Nxa3 31. Rg1 Rc8 32. c4 Nxc4 33. Rg4 d5 34. Ke2 f5 35. Rg3 f4 36.
Rf3 g6 37. Rd3 d4 38. Rh3 g5 39. Rf3 h5 40. Rh3 g4 41. Rd3 Nb2 42. Rd2 Bb4 43. Rd3 Bc3 44. Rxc3 dxc3 45. Na5 h4 46. Nb7 Kd7 47. Na5 Rc7 48. Nb3 Rb8 49. Nc1 e4 50. Kf2 Ke6 51. Ne2 Ke5 52. Kg2 Rd8 53. Kf2 Rd2 54. Ke1 e3 55. Nxf4 Kxf4 56. a4 Kf3 57. a5 Rc4 58. Kf1 Ra4 59. Kg1 g3 60. Kf1 h3 61. Kg1 Nc4 62. Kf1 Ne5 63. Kg1 Ng4 64. Kf1 Nf2 65. Kg1 Rxa5 66. Kf1 Rb5 67. Ke1 Rb2 68. Kf1 Rbxc2 69. Kg1 a5 70. Kf1 a4 71. Kg1 a3 72. Kf1 a2 73. Ke1 Re2+ 74. Kf1 a1=Q# 0-1